 Dungeon Crawl Stone Soup version 0.18.0-2-g198d6d4 (webtiles) character file.

11 imoen the Insei (level 2, 0/16 HPs)
             Began as a Vine Stalker Monk on May 5, 2016.
             Slain by a centaur skeleton (3 damage)
             ... on level 4 of the Dungeon.
             The game lasted 00:01:12 (173 turns).

imoen the Insei (Vine Stalker Monk)                  Turns: 173, Time: 00:01:13

Health: 0/16       AC:  3    Str: 13    XL:     2   Next: 25%
Magic:  0/3        EV: 12    Int: 10    God:
Gold:   10         SH:  0    Dex: 16    Spells: 0 memorised, 1 level left

rFire  . . .     SeeInvis .       - Unarmed
rCold  . . .     Gourm    .     d - +0 leather armour
rNeg   . . .     Faith    .     (no shield)
rPois  .         Spirit   +     (no helmet)
rElec  .         Dismiss  .     (no cloak)
rCorr  .         Reflect  .     (no gloves)
SustAt .         Harm     .     (no boots)
MR     .....                    (no amulet)
Stlth  ++........               (no ring)
                                (no ring)

@: not resistant to hostile enchantments, unstealthy
A: fangs 2, regeneration 1, magic shield, antimagic bite, no device heal 3, rot
immunity
a: no special abilities


You were on level 4 of the Dungeon.
You were not hungry.

You visited 1 branch of the dungeon, and saw 4 of its levels.

You collected 10 gold pieces.

Inventory:

Armour
 a - a +0 robe
 d - a +0 leather armour (worn)
   (You found it on level 1 of the Dungeon)
Scrolls
 c - a scroll of teleportation {unknown}
 f - a scroll of remove curse {unknown}
Potions
 e - a potion of magic
Comestibles
 b - a bread ration


   Skills:
 - Level 2.6 Fighting
 - Level 2.5 Dodging
 - Level 2.4 Stealth
 + Level 4.4 Unarmed Combat


You had one spell level left.
You didn't know any spells.

Dungeon Overview and Level Annotations

Branches:
Dungeon (4/15)
 Temple: D:4-7

Altars:


Innate Abilities, Weirdness & Mutations

You have extremely sharp teeth.
Your natural rate of healing is unusually fast.
When hurt, damage is shared between your health and your magic reserves.
Your bite disrupts and absorbs the magic of your enemies.
Potions and wands cannot restore your health.
You are immune to rotting.


Message History

There are no items here.
Unknown command.
You hit the jackal but do no damage. The jackal completely misses you.
You hit the jackal. Your bite misses the jackal.
The jackal barely misses you. x2
You hit the jackal. The jackal bites you.
You now have 1/2 mp.
You hit the jackal.
You kill the jackal!
The jackal barely misses you.
Unknown command.
You barely miss the jackal. The jackal closely misses you.
You hit the jackal. Your bite misses the jackal. The jackal barely misses you.
You hit the jackal.
You kill the jackal!
You hit the dart slug.
You bite the dart slug, but do no damage.
The dart slug closely misses you.
You barely miss the dart slug. You bite the dart slug. You drain its power.
You feel invigorated.
MP restored: 2 You hit the dart slug.
The dart slug launches a dart at you. The slug dart misses you.
You hit the dart slug. You bite the dart slug. You drain its power.
You kill the dart slug!
You have reached level 2!
You regained 4 hp, and now have 14/16 hp.
MP restored: 3 You hit the goblin.
You bite the goblin. You drain its power.
You kill the goblin!
No target in view!
No target in view!
Things that are here:
a dagger; a dart slug corpse; a jackal corpse Wear which item? (? for menu, Esc to quit)
You start removing your armour.
You continue taking off your +0 robe. x4
You finish taking off your +0 robe.
You start putting on your armour.
You continue putting on your leather armour. x5
You finish putting on your +0 leather armour.
Health restored: 16 Unknown command.
A giant gecko comes into view.
The helpless giant gecko fails to defend itself.
You hit the giant gecko.
You kill the giant gecko!
You punch the jackal!
You kill the jackal!
No target in view!
You see here a giant gecko corpse.
There is a stone staircase leading down here.
You climb downwards.
There is a stone staircase leading up here.
Unknown command.
You now have 10 gold pieces.
There is a stone staircase leading down here.
You climb downwards.
A centaur skeleton comes into view.
There is a stone staircase leading up here.
Unknown command.
You see here 4 gold pieces.
There is a stone staircase leading up here.
There is a stone staircase leading down here.
The centaur skeleton hits you.
You take 2 damage, and have 14/16 hp.
Unknown command.
You hit the centaur skeleton. The centaur skeleton hits you.
You take 2 damage, and have 13/16 hp.
You hit the centaur skeleton but do no damage.
You punch the centaur skeleton. You bite the centaur skeleton.
You drain its power.
The centaur skeleton closely misses you.
You hit the centaur skeleton. The centaur skeleton barely misses you.
You hit the centaur skeleton. You bite the centaur skeleton.
You drain its power. The centaur skeleton hits you.
* * * LOW HITPOINT WARNING * * *
The centaur skeleton closely misses you.
You take 2 damage, and have 11/16 hp.
You hit the centaur skeleton. You punch the centaur skeleton.
You bite the centaur skeleton. You drain its power.
The centaur skeleton hits you!
* * * LOW HITPOINT WARNING * * *
You take 5 damage, and have 6/16 hp.
MASSIVE DAMAGE!!
You now have 1/3 mp.
Unknown command.
The centaur skeleton misses you.
Unknown command.
The centaur skeleton hits you.
* * * LOW HITPOINT WARNING * * *
You take 5 damage, and have 2/16 hp.
MASSIVE DAMAGE!!
You now have 0/3 mp.
Drink which item? (? for menu, Esc to quit)
It was a potion of magic.
Magic courses through your body. The centaur skeleton barely misses you.
MP restored: 3 Unknown command.
You hit the centaur skeleton. The centaur skeleton hits you.
You die...

#.# #.# ##.#
#..# ##.##
##..# ##..##
#Z.#####
#@.>...#
#..[....#
.........
..........
...........
..#.........
..##.........
.##
#.........


You could see a centaur skeleton.

Vanquished Creatures
  A dart slug (D:2)
  A giant gecko (D:2)
  4 jackals (D:2)
  A goblin (D:2)
7 creatures vanquished.

Notes
Turn   | Place    | Note
--------------------------------------------------------------
     0 | D:1      | imoen the Vine Stalker Monk began the quest for the Orb.
     0 | D:1      | Reached XP level 1. HP: 11/11 MP: 2/2
    54 | D:2      | Reached XP level 2. HP: 14/16 MP: 3/3
   171 | D:4      | HP: 2/16 [centaur skeleton (5)]
   173 | D:4      | Slain by a centaur skeleton

Action                   || total
-------------------------++-------
Melee: Unarmed           ||    24
       Bite              ||     7
       Punch             ||     2
  Use: Potion            ||     1
 Stab: Sleeping          ||     1
Dodge: Dodged            ||    19

Vault maps used:
D:1:      dpeg_arrival_ternary
D:3:      good_gods_temple_1, first_bread, tgw_xom
D:4:      minmay_temple_entry_hall

Table legend:
 A = Turns spent in this place as a percentage of turns spent in the entire game.
 B = Non-inter-level travel turns spent in this place as a percentage of non-inter-level travel turns spent in the entire game.
 C = Inter-level travel turns spent in this place as a percentage of turns spent in this place.
 D = Turns resting spent in this place as a percentage of non-inter-level travel turns spent in this place.
 E = Turns spent auto-exploring this place as a percentage of non-inter-level travel turns spent in this place.
 F = Non-inter-level travel turns spent in this place divided by the number of levels of this place that you've seen.
                   A       B       C       D       E      F
               +-------+-------+-------+-------+-------+----------------------
         Total | 100.0 | 100.0 |   0.0 |   0.0 |   0.0 |  38.5
       Dungeon | 100.0 | 100.0 |   0.0 |   0.0 |   0.0 |  38.5
               +-------+-------+-------+-------+-------+----------------------

Table legend:
 A = Kills in this place as a percentage of kills in entire the game.
 B = Kills by you in this place as a percentage of kills by you in the entire game.
 C = Kills by friends in this place as a percentage of kills by friends in the entire game.
 D = Other kills in this place as a percentage of other kills in the entire game.
 E = Experience gained in this place as a percentage of experience gained in the entire game.
 F = Experience gained in this place divided by the number of levels of this place that you have seen.
                   A       B       C       D       E      F
               +-------+-------+-------+-------+-------+----------------------
         Total | 100.0 | 100.0 |  -nan |  -nan | 100.0 |   4.0
       Dungeon | 100.0 | 100.0 |  -nan |  -nan | 100.0 |   4.0
               +-------+-------+-------+-------+-------+----------------------
